AoeStats
← PanChichotek

Golden Pit

508398217Analyzed
1v1 RM · 10d ago on Sep 22, 2026· 47m 18s· 2 players
Game mode
Random Map
Map size
Tiny (2 player)
Population
200
Speed
Normal
Resources
Standard
Victory
Conquest
Starting age
Dark Age
Ending age
Imperial Age
RankedLock teamsTeams togetherTeam positionsShared explorationLock speedFull tech treeHidden civsTurbo modeCheats
Victory
Defeat
🇵🇱 Poles · Poland
774
+15
🇪🇸 Franks · Spain
751
-15
VITA Seco
12:28 Feudal Age
13:32 Double-Bit Axe
15:38 Forging
15:35 Scale Barding Armor
22:52 Castle Age
23:55 Gold Mining
24:33 Husbandry
25:51 Gambesons
27:36 Gold Shaft Mining
26:54 Stone Mining
26:30 Man-at-Arms
29:01 Iron Casting
28:27 Scale Mail Armor
29:50 Long Swordsman
38:51 Imperial Age
40:36 Chain Mail Armor
40:35 Two-Handed Swordsman
PanChichotek
5:18 Loom
10:34 Feudal Age
19:28 Double-Bit Axe
19:25 Horse Collar
20:17 Scale Mail Armor
22:52 Castle Age
21:53 Scale Mail Armor
23:01 Bloodlines
22:59 Scale Barding Armor
22:49 Stone Mining
22:56 Gold Mining
23:12 Pikeman
24:43 Chain Mail Armor
29:02 Squires
38:07 Chain Barding Armor
39:23 Forging
43:06 Imperial Age
43:26 Light Cavalry
45:15 Conscription
Connection lost

Rejoining the realm…

Still unreachable

The connection could not be restored.

Session expired

The server has moved on; the page needs a fresh start.